 Dungeon Crawl Stone Soup version 0.25-a0-589-g1e14c549ee (webtiles) character file.

Game seed: 9459081683866897114, levelgen mode: deterministic

350 Eurus the Cudgeler (level 6, -8/48 HPs)
             Began as a Demonspawn Fighter on Mar 11, 2020.
             Was an Initiate of Qazlal.
             Mangled by an ogre
             ... wielding a +0 giant club
              (24 damage)
             ... on level 4 of the Dungeon.
             The game lasted 00:07:18 (4399 turns).

Eurus the Cudgeler (Demonspawn Fighter)             Turns: 4399, Time: 00:07:19

Health: -8/48      AC:  8    Str: 19    XL:     6   Next: 33%
Magic:  6/6        EV:  7    Int:  9    God:    Qazlal [......]
Gold:   241        SH:  9    Dex: 12    Spells: 5/5 levels left

rFire    . . .     SeeInvis .   a - +0 flail
rCold    . . .     Gourm    .   c - +0 kite shield
rNeg     . . .     Faith    .   b - +0 scale mail
rPois    .         Spirit   .   u - +0 helmet
rElec    .         Reflect  .   (no cloak)
rCorr    .         Harm     .   (no gloves)
MR       .....                  (no boots)
Stlth    ..........             (no amulet)
HPRegen  0.16/turn              (no ring)
MPRegen  0.10/turn              (no ring)

@: no status effects
A: powered by pain 2
a: Renounce Religion


You were on level 4 of the Dungeon.
You worshipped Qazlal.
Qazlal was noncommittal.
You were very hungry.

You visited 2 branches of the dungeon, and saw 5 of its levels.

You collected 241 gold pieces.

Inventory:

Hand Weapons
 a - a +0 flail (weapon)
Armour
 b - a +0 scale mail (worn)
 c - a +0 kite shield (worn)
 u - a +0 helmet (worn)
Jewellery
 l - a +3 ring of intelligence {unknown}
 s - an uncursed amulet of rage
 t - an uncursed ring of positive energy {unknown}
Scrolls
 e - a scroll of immolation {unknown}
 h - a scroll of magic mapping {unknown}
 i - 3 scrolls of identify {unknown}
 j - a scroll of remove curse {unknown}
 n - a scroll of teleportation {unknown}
 p - a scroll of fog {unknown}
 v - a scroll of blinking {unknown}
 w - a scroll of enchant armour {unknown}
Potions
 d - 3 potions of might
 g - 3 potions of curing {unknown}
 k - a potion of invisibility {unknown}
 m - a potion of mutation {unknown}
 o - a potion of haste {unknown}
 q - 2 potions of stabbing {unknown}
 r - a potion of heal wounds {unknown}
 x - 2 potions of cancellation {unknown}
Comestibles
 f - 16 rations


   Skills:
 + Level 4.1 Fighting
 * Level 4.1 Maces & Flails
 + Level 3.7 Armour
 + Level 3.7 Shields


You had 5 spell levels left.
You didn't know any spells.
Your spell library was empty.

Dungeon Overview and Level Annotations

Branches:
Dungeon (4/15)             Temple (1/1) D:4

Altars:
Ashenzari
Dithmenos
Elyvilon
Gozag
Hepliaklqana
Makhleb
Okawaru
Qazlal
Sif Muna
Trog
Uskayaw
Xom
Zin
Lugonu


Innate Abilities, Weirdness & Mutations

You sometimes gain power by taking damage.


Message History

The ogre shouts!
Your shield prevents you from hitting the ogre.
You block the ogre's attack.
You sock the ogre!
The ogre is moderately wounded.
You block the ogre's attack.
You completely miss the ogre.
The ogre is moderately wounded.
The ogre hits you with a +0 giant club!!
Your shield and scale mail prevent you from hitting the ogre.
The ogre is moderately wounded.
The ogre hits you with a +0 giant club!
Your shield prevents you from hitting the ogre.
The ogre is moderately wounded.
The ogre barely misses you.
You hit the ogre.
The ogre is heavily wounded.
The ogre hits you with a +0 giant club!!
Ouch! That really hurt!
You die...

########..............#
......................#
.#....................#
.#......########......#
.#......#(.....#......#
.#......'......#.....?###+#
.#......#......#...........
.#......#......#...........
#####'###......#@O.........
.......#########...........
.......##......#...........
...............#...........
######+##.#....+...........
####...#.......#......##+##
.......#.#.#...#......#
.........#.###........#
........##...###......#


You could see an ogre.

Vanquished Creatures
  An ogre (D:4)
  A scorpion (D:4)
  An orc priest (D:4)
  An orc wizard (D:3)
  8 adders
  3 oozes (D:1)
  2 worms (D:2)
  A leopard gecko (D:1)
  5 orcs
  3 giant cockroaches
  5 goblins
  7 hobgoblins
  5 jackals
  A quokka (D:4)
  5 bats
  A frilled lizard (D:3)
  10 kobolds
  A quokka skeleton (D:4)
  4 rats
65 creatures vanquished.

Notes
Turn   | Place    | Note
-------+----------+-------------------------------------------
     0 | D:1      | Eurus the Demonspawn Fighter began the quest for the Orb.
     0 | D:1      | Reached XP level 1. HP: 18/18 MP: 1/1
   219 | D:1      | Gained mutation: You sometimes gain a little power by
                  | taking damage. [demonic ancestry]
   219 | D:1      | Reached XP level 2. HP: 24/24 MP: 2/2
   929 | D:1      | Reached XP level 3. HP: 19/29 MP: 3/3
  1458 | D:2      | Gained mutation: You sometimes gain power by taking damage.
                  | [demonic ancestry]
  1458 | D:2      | Reached XP level 4. HP: 27/35 MP: 4/4
  1576 | D:2      | Found a hazy altar of Hepliaklqana.
  2767 | D:3      | Reached XP level 5. HP: 37/41 MP: 5/5
  2895 | D:3      | Found a bloodstained altar of Trog.
  3582 | D:4      | Noticed an ogre
  3613 | D:4      | Killed an ogre
  3613 | D:4      | Reached XP level 6. HP: 13/48 MP: 6/6
  4031 | D:4      | Found a staircase to the Ecumenical Temple.
  4040 | Temple   | Entered the Ecumenical Temple
  4137 | Temple   | Became a worshipper of Qazlal Stormbringer
  4399 | D:4      | Mangled by an ogre

Levels and vault maps discovered:
D:1:      lightli_arrival_noodles, layout_loops_ring, serial_glass,
          glass_columns_a, glass_columns_a, feat_on_display, feat_on_display
D:2:      layout_basic, lemuel_round_altar
D:3:      layout_loops_ring, lightli_temple_of_fire, glass_columns_b,
          kennysheep_small_spiral, minmay_door_square
D:4:      layout_gridville, minmay_temple_entry_slanted, first_ration
Temple:   kb_corrupted_temple

Skill      XL: |  1  2  3  4  5  6 |
---------------+-------------------+-----
Maces & Flails | 2 3 4 |  4.1
Shields        | 3 |  3.7
Armour         | 3 |  3.7
Fighting       | 4 |  4.1

Action                   |  1- 3 |  4- 6 || total
-------------------------+-------+-------++-------
Melee: Flail             |   153 |   147 ||   300
  Eat: Chunk             |     2 |     8 ||    10
Armor: Scale mail        |    57 |    52 ||   109
Dodge: Dodged            |    45 |    43 ||    88
Block: Kite shield       |    70 |    64 ||   134

Table legend:
 A = Non-vault XP
 B = Vault XP
 C = Vault XP percentage of total XP
 D = Non-vault monster count
 E = Vault monster count
 F = Vault count percentage of total count
                 A         B        C        D         E       F
            +---------+---------+-------+---------+---------+-------
      Total |     500 |       0 |   0.0 |      65 |       0 |   0.0
            +---------+---------+-------+---------+---------+-------
        D:1 |      50 |       0 |   0.0 |      21 |       0 |   0.0
        D:2 |      78 |       0 |   0.0 |      23 |       0 |   0.0
        D:3 |     125 |       0 |   0.0 |      14 |       0 |   0.0
        D:4 |     247 |       0 |   0.0 |       7 |       0 |   0.0
            +---------+---------+-------+---------+---------+-------
